 Dungeon Crawl Stone Soup version 0.21-a0-509-gecc5317 (webtiles) character file.

86 BingusPrime the Charmwright (level 4, -5/37 HPs)
             Began as a Draconian Skald on Nov 28, 2017.
             Slain by BingusPrime's ghost (7 damage)
             ... on level 3 of the Dungeon.
             The game lasted 00:08:07 (2197 turns).

BingusPrime the Charmwright (Draconian Skald)       Turns: 2197, Time: 00:08:08

Health: -5/37      AC:  5    Str: 14    XL:     4   Next: 27%
Magic:  1/7        EV: 16    Int: 13    God:
Gold:   97         SH:  0    Dex: 16    Spells: 4/7 levels left

rFire    + . .     SeeInvis .   a - +0 falchion
rCold    x . .     Gourm    .   (no shield)
rNeg     . . .     Faith    .   (armour unavailable)
rPois    .         Spirit   .   (helmet restricted)
rElec    .         Reflect  .   (no cloak)
rCorr    .         Harm     .   (no gloves)
MR       .....                  (no boots)
Stlth    ++........             (no amulet)
HPRegen  0.12/turn              d - ring of fire
MPRegen  0.10/turn              (no ring)

@: agile, infused, very slightly contaminated, heavily drained
A: unfitting armour, cold-blooded, AC +5
a: no special abilities


You were on level 3 of the Dungeon.
You were very hungry.

You visited 1 branch of the dungeon, and saw 3 of its levels.

You collected 97 gold pieces.

Inventory:

Hand Weapons
 a - a +0 falchion (weapon)
Missiles
 l - 23 stones (quivered)
Jewellery
 d - a ring of fire (left hand)
Potions
 j - a potion of mutation {unknown}
 m - a potion of invisibility {unknown}
Books
 b - a book of Battle

   Spells                             Type                      Level
   a - Infusion                       Charms                       1
   b - Shroud of Golubria             Charms/Translocation         2
   c - Song of Slaying                Charms                       2
   d - Spectral Weapon                Hexes/Charms                 3
   e - Regeneration                   Charms/Necromancy            3
 n - a book of Cantrips

   Spells                             Type                      Level
   a - Confusing Touch                Hexes                        1
   b - Animate Skeleton               Necromancy                   1
   c - Summon Small Mammal            Summoning                    1
   d - Apportation                    Translocation                1
Comestibles
 c - 2 bread rations
 f - 8 fruits
 k - a meat ration
 o - a royal jelly


   Skills:
 + Level 2.5(0.0) Fighting
 + Level 2.7(0.1) Long Blades
 + Level 2.6(0.0) Dodging
 + Level 0.3(0.0) Stealth
 + Level 2.4(0.0) Spellcasting
 + Level 3.3(0.7) Charms


You had 4 spell levels left.
You knew the following spells:

 Your Spells              Type           Power        Failure   Level  Hunger
a - Infusion              Chrm           #...         22%         1    ##.....
b - Song of Slaying       Chrm           #.......     34%         2    ###....


Dungeon Overview and Level Annotations

Branches:
Dungeon (3/15)

Altars:
Hepliaklqana

Annotations:
D:3 BingusPrime's ghost, amateur BaSk; Ijyb


Innate Abilities, Weirdness & Mutations

Your plain brown scales are hard. (AC +5)
You cannot fit into any form of body armour.
You are cold-blooded and may be slowed by cold attacks.


Message History

You are feeling very hungry.
Casting: Infusion
Confirm with . or Enter, or press ? or * to list all spells.
You begin infusing your attacks with magical energy.
You hit BingusPrime's ghost.
BingusPrime's ghost is almost destroyed.
BingusPrime's ghost hits you.
* * * LOW HITPOINT WARNING * * *
You feel drained.
You hit BingusPrime's ghost but do no damage.
BingusPrime's ghost is almost destroyed.
BingusPrime's ghost hits you!
* * * LOW HITPOINT WARNING * * *
You feel drained.
* * * LOW HITPOINT WARNING * * *
You hit BingusPrime's ghost but do no damage.
BingusPrime's ghost is almost destroyed.
BingusPrime's ghost's inner flame fades away.
BingusPrime's ghost hits you!
You die...

. . . ### ##+#####
.##.. #..r.rg#
.... ####..###W#
#.. ..##..###@##
#.#
#.##.............
#.#
#.#.....#.#######
#r# #.##....#.#
#g##.###§##.<#.#.#
#.##...§§........#
#.######§#.....###
#.######§#######
#..rg§§§§#


You could see Ijyb (inner flame), BingusPrime's ghost and a rat (inner flame).

Vanquished Creatures
  Robin (D:2)
  A gnoll (D:1)
  3 dart slugs (D:1)
  2 leopard geckos
  7 bats
  5 giant cockroaches
  15 goblins
  4 hobgoblins
  2 jackals (D:2)
  A frilled lizard (D:3)
  7 kobolds
  3 rats
51 creatures vanquished.

Notes
Turn   | Place    | Note
-------+----------+-------------------------------------------
     0 | D:1      | BingusPrime the Draconian Skald began the quest for the Orb.
     0 | D:1      | Reached XP level 1. HP: 17/17 MP: 3/3
   108 | D:1      | Reached skill level 3 in Charms
   108 | D:1      | Reached XP level 2. HP: 23/24 MP: 0/5
   112 | D:1      | Learned a level 2 spell: Song of Slaying
   250 | D:1      | Reached XP level 3. HP: 23/30 MP: 3/6
   836 | D:2      | Noticed Robin
   911 | D:2      | Killed Robin
   911 | D:2      | Reached XP level 4. HP: 12/37 MP: 0/7
  1234 | D:2      | Found a hazy altar of Hepliaklqana.
  2146 | D:3      | Noticed BingusPrime's ghost (amateur BaSk)
  2149 | D:3      | Noticed Ijyb
  2197 | D:3      | Slain by BingusPrime's ghost

Vault maps used:
D:1:      ncdulo_lavacross, minmay_tromino_i2
D:2:      marbit_many_paths, uniq_robin
D:3:      nemelex_xobeh_ov_fountains_minmay, uniq_ijyb

Skill      XL: |  1 |
---------------+----+-----
Charms         | 3 |  3.3
Fighting       | |  2.5
Long Blades    | |  2.7
Dodging        | |  2.6
Stealth        | |  0.3
Spellcasting   | |  2.4

Action                   |  1- 3 |  4- 6 || total
-------------------------+-------+-------++-------
Melee: Falchion          |    67 |    44 ||   111
       Tailslap          |     9 |     3 ||    12
 Cast: Infusion          |    13 |     7 ||    20
       Song of Slaying   |     4 |       ||     4
  Use: Scroll            |     1 |     2 ||     3
       Potion            |       |     2 ||     2
 Stab: Sleeping          |       |     1 ||     1
  Eat: Chunk             |       |     4 ||     4
Armor: Skin              |    16 |    11 ||    27
Dodge: Dodged            |    52 |    23 ||    75
       Rpst.: Falchion   |    21 |     7 ||    28

Table legend:
 A = Spawn XP
 B = Non-spawn XP
 C = Spawn XP percentage of total XP
 D = Spawn monster count
 E = Non-spawn monster count
 F = Spawn count percentage of total count
 G = Total turns spent on level
                    A         B        C        D         E        F      G
               +---------+---------+-------+---------+---------+-------+---------
         Total |       0 |     124 |   0.0 |       0 |      51 |   0.0 |  2197
               +---------+---------+-------+---------+---------+-------+---------
           D:1 |       0 |      55 |   0.0 |       0 |      21 |   0.0 |   727
           D:2 |       0 |      67 |   0.0 |       0 |      28 |   0.0 |  1398
           D:3 |       0 |       2 |   0.0 |       0 |       2 |   0.0 |    72
               +---------+---------+-------+---------+---------+-------+---------
